[ PARTIDA AOE2 · #495824307 ]
UnrankedRomanos vs Magyars
Equipo del jugador · DERR
Equipo rival · VICT
[ ANÁLISIS DE REPETICIÓN · EXTRAÍDO DE LA PARTIDA GRABADA ]
Feudal
9:19
Castillos
14:19
Imperial
—
| APM promedio | 72.6 |
| APM pico | 100 |
| eAPM promedio | 42.0 |
| Aldeanos / militares | 75 / 57 |
Foco
⚔️ 41.8% · 🌾 58.2%
Scorpion ×44 · Monk ×10 · Mangonel ×2 · Battering Ram ×1
Feudal
8:56
Castillos
20:41
Imperial
—
| APM promedio | 49.7 |
| APM pico | 83 |
| eAPM promedio | 23.7 |
| Aldeanos / militares | 73 / 78 |
Foco
⚔️ 31.9% · 🌾 68.1%
Scout Cavalry ×61 · Archer ×7 · Mangonel ×7 · Militia ×3
Mapa de la partida
Recursos iniciales + cada clic de construcción. Líneas = muros · curvas = relieve. ◆ oro · ⬟ piedra · ● bayas · ✦ reliquia · ◌ hueco del cierre
Tu base· Abierta — flanco sin cerrar
Base de Atula King· Abierta — flanco sin cerrar
Terreno inicial suavizado · ◌ = hueco del cierre detectado · pasá el cursor para detalles
Inputs por minuto
— Nedture - - Atula King
Build order — Nedture
Primeras 150 de 247 acciones detectadas
| 0:00 | Crear | Villager (Male) |
| 0:00 | Crear | Villager (Male) |
| 0:02 | Construir | House |
| 0:03 | Construir | House |
| 0:07 | Crear | Villager (Male) |
| 0:09 | Crear | Villager (Male) |
| 1:23 | Crear | Villager (Male) |
| 1:55 | Crear | Villager (Male) |
| 1:55 | Crear | Villager (Male) |
| 2:01 | Construir | Lumber Camp |
| 2:12 | Crear | Villager (Male) |
| 2:47 | Crear | Villager (Male) |
| 3:14 | Crear | Villager (Male) |
| 3:28 | Crear | Villager (Male) |
| 3:40 | Construir | House |
| 3:47 | Crear | Villager (Male) |
| 4:14 | Construir | Mill |
| 4:23 | Crear | Villager (Male) |
| 4:28 | Crear | Villager (Male) |
| 4:44 | Crear | Villager (Male) |
| 4:51 | Crear | Villager (Male) |
| 5:09 | Crear | Villager (Male) |
| 5:23 | Crear | Villager (Male) |
| 5:41 | Construir | House |
| 6:09 | Crear | Villager (Male) |
| 6:21 | Investigar | Loom |
| 6:31 | Construir | Palisade Wall |
| 6:54 | Construir | Palisade Wall |
| 7:09 | Investigar | Feudal Age |
| 7:09 | Investigar | Feudal Age |
| 7:09 | Investigar | Feudal Age |
| 7:09 | Investigar | Feudal Age |
| 7:09 | Investigar | Feudal Age |
| 7:09 | Investigar | Feudal Age |
| 7:26 | Crear | Villager (Male) |
| 7:35 | Construir | Palisade Wall |
| 7:37 | Construir | Palisade Wall |
| 7:39 | Construir | Palisade Wall |
| 7:40 | Construir | Palisade Wall |
| 7:42 | Construir | Palisade Wall |
| 7:48 | Construir | Palisade Wall |
| 7:50 | Construir | Palisade Wall |
| 7:52 | Construir | Palisade Wall |
| 7:54 | Construir | Palisade Wall |
| 7:55 | Construir | Palisade Wall |
| 7:56 | Construir | Palisade Wall |
| 8:03 | Crear | Villager (Male) |
| 8:29 | Construir | Palisade Wall |
| 9:16 | Construir | Palisade Wall |
| 9:16 | Construir | Palisade Wall |
| 9:16 | Construir | Palisade Wall |
| 9:17 | Construir | Palisade Wall |
| 9:19 | Edad | Edad Feudal |
| 9:31 | Crear | Villager (Male) |
| 9:52 | Construir | Market |
| 9:55 | Construir | Blacksmith |
| 9:57 | Crear | Villager (Male) |
| 10:10 | Crear | Villager (Male) |
| 11:11 | Crear | Villager (Male) |
| 11:20 | Construir | Mining Camp |
| 11:34 | Crear | Villager (Male) |
| 11:39 | Investigar | Castle Age |
| 11:39 | Investigar | Castle Age |
| 11:39 | Investigar | Castle Age |
| 11:39 | Investigar | Castle Age |
| 11:39 | Investigar | Castle Age |
| 11:39 | Investigar | Castle Age |
| 11:39 | Investigar | Castle Age |
| 11:39 | Investigar | Castle Age |
| 11:42 | Construir | Farm |
| 11:42 | Construir | Farm |
| 11:52 | Construir | Farm |
| 11:57 | Crear | Villager (Male) |
| 12:03 | Construir | Palisade Wall |
| 12:16 | Construir | Palisade Wall |
| 12:21 | Construir | Palisade Wall |
| 12:24 | Construir | Palisade Wall |
| 12:36 | Construir | Palisade Wall |
| 12:44 | Construir | Farm |
| 12:51 | Investigar | Double-Bit Axe |
| 12:51 | Investigar | Double-Bit Axe |
| 13:19 | Construir | Palisade Wall |
| 13:23 | Construir | Farm |
| 14:06 | Crear | Villager (Male) |
| 14:09 | Construir | Palisade Wall |
| 14:11 | Construir | Palisade Wall |
| 14:19 | Edad | Edad de los Castillos |
| 14:20 | Construir | Palisade Wall |
| 14:23 | Crear | Villager (Male) |
| 14:25 | Construir | Siege Workshop |
| 14:26 | Crear | Villager (Male) |
| 14:41 | Construir | Palisade Wall |
| 14:49 | Crear | Villager (Male) |
| 14:54 | Crear | Scorpion |
| 14:55 | Crear | Scorpion |
| 15:08 | Construir | Palisade Wall |
| 15:18 | Construir | House |
| 15:19 | Construir | House |
| 15:30 | Construir | House |
| 15:33 | Construir | Palisade Wall |
| 15:36 | Construir | Palisade Wall |
| 15:37 | Crear | Villager (Male) |
| 15:42 | Construir | House |
| 15:54 | Crear | Scorpion |
| 15:55 | Crear | Villager (Male) |
| 16:10 | Crear | Scorpion |
| 16:28 | Crear | Villager (Male) |
| 16:32 | Construir | Farm |
| 16:34 | Crear | Villager (Male) |
| 16:51 | Construir | Farm |
| 17:06 | Crear | Villager (Male) |
| 17:13 | Crear | Scorpion |
| 17:14 | Crear | Villager (Male) |
| 17:18 | Construir | Farm |
| 17:22 | Crear | Villager (Male) |
| 17:27 | Crear | Villager (Male) |
| 17:36 | Crear | Scorpion |
| 17:39 | Crear | Villager (Male) |
| 17:44 | Construir | Farm |
| 17:50 | Crear | Villager (Male) |
| 18:01 | Crear | Villager (Male) |
| 18:18 | Crear | Scorpion |
| 18:27 | Construir | Palisade Wall |
| 18:30 | Construir | Farm |
| 18:43 | Crear | Villager (Male) |
| 19:11 | Crear | Villager (Male) |
| 19:18 | Crear | Villager (Male) |
| 19:20 | Construir | Monastery |
| 19:46 | Construir | Palisade Wall |
| 19:48 | Construir | Palisade Wall |
| 19:49 | Construir | Palisade Wall |
| 19:50 | Crear | Villager (Male) |
| 19:53 | Crear | Scorpion |
| 19:54 | Crear | Villager (Male) |
| 20:00 | Crear | Villager (Male) |
| 20:07 | Crear | Monk |
| 20:10 | Crear | Scorpion |
| 20:11 | Crear | Villager (Male) |
| 20:12 | Construir | Farm |
| 20:35 | Construir | Siege Workshop |
| 20:38 | Crear | Villager (Male) |
| 20:40 | Construir | Farm |
| 20:48 | Crear | Villager (Male) |
| 21:00 | Crear | Monk |
| 21:17 | Construir | House |
| 21:19 | Construir | House |
| 21:22 | Construir | House |
| 21:23 | Construir | House |
| 21:23 | Construir | House |
| 21:24 | Construir | House |
Build order — Atula King
Primeras 150 de 231 acciones detectadas
| 0:01 | Crear | Villager (Male) |
| 0:02 | Construir | House |
| 0:04 | Construir | House |
| 0:22 | Crear | Villager (Male) |
| 0:22 | Crear | Villager (Male) |
| 0:22 | Crear | Villager (Male) |
| 0:23 | Crear | Villager (Male) |
| 1:25 | Crear | Villager (Male) |
| 2:02 | Crear | Villager (Male) |
| 2:03 | Crear | Villager (Male) |
| 2:18 | Crear | Villager (Male) |
| 2:19 | Crear | Villager (Male) |
| 2:22 | Construir | Lumber Camp |
| 2:57 | Crear | Villager (Male) |
| 2:57 | Crear | Villager (Male) |
| 3:25 | Crear | Villager (Male) |
| 3:25 | Crear | Villager (Male) |
| 3:44 | Crear | Villager (Male) |
| 3:44 | Crear | Villager (Male) |
| 3:46 | Crear | Villager (Male) |
| 3:46 | Crear | Villager (Male) |
| 3:53 | Construir | House |
| 4:05 | Crear | Villager (Male) |
| 4:05 | Crear | Villager (Male) |
| 4:05 | Crear | Villager (Male) |
| 4:45 | Crear | Villager (Male) |
| 4:46 | Crear | Villager (Male) |
| 4:59 | Crear | Villager (Male) |
| 5:44 | Construir | Mining Camp |
| 5:46 | Crear | Villager (Male) |
| 6:15 | Investigar | Loom |
| 6:46 | Investigar | Feudal Age |
| 7:00 | Construir | Barracks |
| 7:24 | Construir | House |
| 7:29 | Crear | Villager (Male) |
| 7:57 | Crear | Militia |
| 7:57 | Crear | Militia |
| 8:25 | Construir | House |
| 8:25 | Crear | Militia |
| 8:42 | Crear | Villager (Male) |
| 8:56 | Edad | Edad Feudal |
| 9:02 | Crear | Villager (Male) |
| 9:09 | Construir | Mill |
| 9:32 | Crear | Villager (Male) |
| 9:40 | Investigar | Man-at-Arms (upgrade) |
| 9:56 | Crear | Villager (Male) |
| 10:04 | Construir | House |
| 10:15 | Construir | Archery Range |
| 10:35 | Crear | Villager (Male) |
| 10:55 | Crear | Villager (Male) |
| 10:57 | Construir | Farm |
| 10:58 | Construir | Farm |
| 11:05 | Construir | Farm |
| 11:17 | Construir | Farm |
| 11:18 | Construir | Farm |
| 11:21 | Crear | Archer |
| 11:38 | Construir | Farm |
| 11:50 | Crear | Archer |
| 11:54 | Construir | Farm |
| 11:56 | Crear | Villager (Male) |
| 12:08 | Crear | Archer |
| 12:18 | Construir | House |
| 12:21 | Crear | Villager (Male) |
| 12:34 | Crear | Archer |
| 12:41 | Construir | Farm |
| 12:45 | Crear | Villager (Male) |
| 12:47 | Construir | House |
| 12:54 | Construir | Farm |
| 13:08 | Crear | Villager (Male) |
| 13:08 | Crear | Villager (Male) |
| 13:21 | Construir | Blacksmith |
| 13:35 | Crear | Villager (Male) |
| 13:39 | Construir | Farm |
| 13:42 | Crear | Villager (Male) |
| 14:15 | Investigar | Fletching |
| 14:15 | Crear | Villager (Male) |
| 14:17 | Construir | Farm |
| 14:50 | Crear | Villager (Male) |
| 14:52 | Crear | Archer |
| 15:17 | Crear | Villager (Male) |
| 15:18 | Crear | Archer |
| 15:25 | Crear | Villager (Male) |
| 15:26 | Construir | Farm |
| 15:32 | Construir | Market |
| 15:51 | Crear | Villager (Male) |
| 15:55 | Construir | Lumber Camp |
| 16:14 | Crear | Villager (Male) |
| 16:18 | Crear | Archer |
| 16:24 | Construir | House |
| 16:54 | Crear | Villager (Male) |
| 17:02 | Crear | Villager (Male) |
| 17:05 | Construir | Farm |
| 17:07 | Construir | House |
| 17:27 | Construir | Farm |
| 17:30 | Construir | House |
| 17:32 | Crear | Villager (Male) |
| 18:01 | Investigar | Castle Age |
| 18:01 | Investigar | Castle Age |
| 18:46 | Construir | Stable |
| 19:13 | Investigar | Scale Barding Armor |
| 19:13 | Investigar | Scale Barding Armor |
| 19:17 | Construir | Farm |
| 19:20 | Construir | House |
| 19:30 | Construir | Lumber Camp |
| 19:32 | Crear | Scout Cavalry |
| 19:32 | Crear | Scout Cavalry |
| 19:45 | Construir | Stable |
| 19:47 | Investigar | Double-Bit Axe |
| 19:47 | Investigar | Double-Bit Axe |
| 20:08 | Crear | Scout Cavalry |
| 20:14 | Construir | House |
| 20:33 | Crear | Scout Cavalry |
| 20:41 | Edad | Edad de los Castillos |
| 20:50 | Crear | Scout Cavalry |
| 21:04 | Crear | Scout Cavalry |
| 21:13 | Investigar | Husbandry |
| 21:27 | Construir | House |
| 21:37 | Crear | Scout Cavalry |
| 21:38 | Crear | Scout Cavalry |
| 21:46 | Construir | Farm |
| 21:56 | Crear | Villager (Male) |
| 21:58 | Construir | Farm |
| 22:03 | Crear | Villager (Male) |
| 22:08 | Construir | House |
| 22:14 | Crear | Scout Cavalry |
| 22:31 | Construir | Siege Workshop |
| 22:32 | Crear | Villager (Male) |
| 23:16 | Crear | Mangonel |
| 23:51 | Crear | Mangonel |
| 23:54 | Crear | Scout Cavalry |
| 23:55 | Crear | Scout Cavalry |
| 23:55 | Crear | Scout Cavalry |
| 24:01 | Construir | Farm |
| 24:46 | Crear | Scout Cavalry |
| 24:46 | Crear | Scout Cavalry |
| 24:50 | Construir | Farm |
| 25:35 | Crear | Scout Cavalry |
| 25:35 | Crear | Scout Cavalry |
| 25:40 | Crear | Villager (Male) |
| 25:42 | Construir | Farm |
| 25:42 | Construir | Farm |
| 25:52 | Crear | Villager (Male) |
| 25:57 | Investigar | Bloodlines |
| 26:01 | Investigar | Light Cavalry (upgrade) |
| 26:01 | Investigar | Light Cavalry (upgrade) |
| 26:33 | Crear | Scout Cavalry |
| 26:33 | Crear | Scout Cavalry |
| 26:42 | Crear | Villager (Male) |
| 26:45 | Construir | Farm |
| 26:47 | Crear | Villager (Male) |
Cronología de la partida
| 6:31 | Nedture · wall_segment Palisade Wall x1 |
| 6:54 | Nedture · wall_segment Palisade Wall x2 |
| 7:00 | Atula King · first_building Barracks |
| 7:35 | Nedture · wall_segment Palisade Wall x1 |
| 7:37 | Nedture · wall_segment Palisade Wall x1 |
| 7:39 | Nedture · wall_segment Palisade Wall x1 |
| 7:40 | Nedture · wall_segment Palisade Wall x1 |
| 7:42 | Nedture · wall_segment Palisade Wall x1 |
| 7:48 | Nedture · wall_segment Palisade Wall x1 |
| 7:50 | Nedture · wall_segment Palisade Wall x1 |
| 7:52 | Nedture · wall_segment Palisade Wall x1 |
| 7:54 | Nedture · wall_segment Palisade Wall x1 |
| 7:55 | Nedture · wall_segment Palisade Wall x1 |
| 7:56 | Nedture · wall_segment Palisade Wall x1 |
| 8:29 | Nedture · wall_segment Palisade Wall x1 |
| 8:56 | Atula King · age_up feudal |
| 9:16 | Nedture · wall_segment Palisade Wall x1 |
| 9:16 | Nedture · wall_segment Palisade Wall x2 |
| 9:16 | Nedture · wall_segment Palisade Wall x1 |
| 9:17 | Nedture · wall_segment Palisade Wall x1 |
| 9:19 | Nedture · age_up feudal |
| 10:15 | Atula King · first_building Archery Range |
| 10:49 | Nedture · first_market_sell 100 stone |
| 12:03 | Nedture · wall_segment Palisade Wall x1 |
| 12:16 | Nedture · wall_segment Palisade Wall x1 |
| 12:21 | Nedture · wall_segment Palisade Wall x9 |
| 12:24 | Nedture · wall_segment Palisade Wall x1 |
| 12:36 | Nedture · wall_segment Palisade Wall x1 |
| 13:19 | Nedture · wall_segment Palisade Wall x3 |
| 14:09 | Nedture · wall_segment Palisade Wall x1 |
| 14:11 | Nedture · wall_segment Palisade Wall x1 |
| 14:19 | Nedture · age_up castle |
| 14:20 | Nedture · wall_segment Palisade Wall x1 |
| 14:25 | Nedture · first_building Siege Workshop |
| 14:41 | Nedture · wall_segment Palisade Wall x1 |
| 15:08 | Nedture · wall_segment Palisade Wall x3 |
| 15:33 | Nedture · wall_segment Palisade Wall x1 |
| 15:36 | Nedture · wall_segment Palisade Wall x1 |
| 17:58 | Atula King · first_market_buy 100 food |
| 18:27 | Nedture · wall_segment Palisade Wall x1 |
| 18:46 | Atula King · first_building Stable |
| 19:13 | Nedture · first_market_buy 100 wood |
| 19:20 | Nedture · first_building Monastery |
| 19:46 | Nedture · wall_segment Palisade Wall x1 |
| 19:48 | Nedture · wall_segment Palisade Wall x1 |
| 19:49 | Nedture · wall_segment Palisade Wall x1 |
| 20:41 | Atula King · age_up castle |
| 22:31 | Atula King · first_building Siege Workshop |
| 26:34 | Nedture · wall_segment Palisade Wall x1 |
| 26:37 | Nedture · wall_segment Palisade Wall x1 |
| 27:30 | Nedture · wall_segment Palisade Wall x5 |
| 27:31 | Nedture · wall_segment Palisade Wall x1 |
| 27:35 | Nedture · wall_segment Palisade Wall x8 |
| 28:25 | Nedture · wall_segment Palisade Wall x1 |
| 29:25 | Nedture · wall_segment Palisade Wall x3 |
| 30:10 | Nedture · wall_segment Palisade Wall x1 |
| 30:53 | Nedture · wall_segment Palisade Wall x2 |
| 31:12 | Nedture · wall_segment Palisade Wall x5 |
| 35:19 | Nedture · wall_segment Palisade Wall x1 |
| 35:40 | Nedture · wall_segment Palisade Wall x1 |
| 36:51 | Atula King · first_building Castle |
| 37:05 | Nedture · resign |
[ ANÁLISIS IA · 1 CRÉDITO ]
¿Qué pasó realmente en esta partida?
Wolo.gg analiza cada decisión: build order, eco, micro, errores típicos por bracket. Análisis personalizado por WhatsApp o Discord en 30 segundos.
Guía civ
Romanos
Perfil
Nedture